 Dungeon Crawl Stone Soup version 0.31-a0-983-g7b6862f502 (webtiles) character file.

Game seed: 14548922564359165291

8 Maratek the Trooper (level 2, 23/24 HPs)
             Began as a Demonspawn Fighter on Nov 2, 2023.
             Quit the game on level 1 of the Dungeon.
             The game lasted 00:00:16 (114 turns).

Maratek the Trooper (Demonspawn Fighter)             Turns: 114, Time: 00:00:16

Health: 23/24      AC:  6    Str: 16    XL:     2   Next: 0%
Magic:  2/2        EV:  8    Int: 11    God:
Gold:   36         SH:  4    Dex: 12    Spells: 1/1 levels left

rFire   . . .        a - +0 war axe
rCold   . . .        c - +0 buckler
rNeg    . . .        b - +0 scale mail
rPois   .            (no helmet)
rElec   .            (no cloak)
rCorr   .            (no gloves)
SInv    .            (no boots)
Will    .....        (no amulet) Stlth
                     (no ring)
HPRegen 0.24/turn    (no ring)
MPRegen 0.08/turn

%: no passive effects
@: no status effects
A: big brain 1
a: no special abilities


You were on level 1 of the Dungeon.
You visited 1 branch of the dungeon, and saw 1 of its levels.

You collected 36 gold pieces.

Inventory:

Hand Weapons
 a - a +0 war axe (weapon)
Armour
 b - a +0 scale mail (worn)
 c - a +0 buckler (worn)
Potions
 d - a potion of might


   Skills:
 + Level 3.1 Fighting
 + Level 1.8 Axes
 + Level 2.8 Armour
 + Level 2.8 Shields


You had one spell level left.
You didn't know any spells.
Your spell library was empty.

Dungeon Overview and Level Annotations

Branches:
Dungeon (1/15)

Altars:


Innate Abilities, Weirdness & Mutations

You have an unusually large brain. (Int +2)


Message History

The bat is moderately wounded.
The bat hits you but does no damage.
Found a stone staircase leading down.
The bat hits you but does no damage. The bat hits you but does no damage.
The bat hits you. The bat closely misses you.
The bat hits you but does no damage.
An endoplasm comes into view.
The endoplasm quivers.
The bat barely misses you.
Found 10 gold pieces.
The bat hits you but does no damage.
You closely miss the bat.
The bat is moderately wounded.
The bat barely misses you. You block the bat's attack.
You closely miss the bat.
The bat is moderately wounded.
The bat barely misses you.
You hit the endoplasm.
The endoplasm is almost dead.
You block the bat's attack.
The endoplasm hits you but does no damage.
The bat hits you but does no damage.
You slash the endoplasm!
You kill the endoplasm!
You slash the bat!
You kill the bat!
No target in view!
No target in view!
You now have 8 gold pieces.
You now have 18 gold pieces (gained 10).
You now have 36 gold pieces (gained 18).
You see here a frilled lizard corpse.
A kobold comes into view. It is wielding a +0 dagger.
A kobold is nearby!
The kobold hits you with a +0 dagger.
You hit the kobold.
You kill the kobold!
You have reached level 2!
Your demonic ancestry asserts itself...
Your brain expands.
Are you sure you want to abandon this character and quit the game? (Confirm with "yes".)

........# ........#...
..# ..†........# #.#
...........# #.#
...........#####.#
........#......#.#
...............#.#
...............#)#
..†............#@#
####....#......#.#######
# #....#......#........
# #....#...............
# #....#...............
# #....#...............
# #....#...............
# ######...............
# ####################


There were no monsters in sight!

Vanquished Creatures
  A dart slug (D:1)
  2 endoplasms (D:1)
  A bat (D:1)
  2 frilled lizards (D:1)
  A kobold (D:1)
7 creatures vanquished.

Notes
Turn   | Place    | Note
-------+----------+-------------------------------------------
     0 | D:1      | Maratek the Demonspawn Fighter began the quest for the Orb.
     0 | D:1      | Reached XP level 1. HP: 18/18 MP: 1/1
   114 | D:1      | Gained mutation: You have an unusually large brain. (Int
                  | +2) [demonic ancestry]
   114 | D:1      | Reached XP level 2. HP: 23/24 MP: 2/2
   114 | D:1      | Quit the game

Illustrated notes

Levels and vault maps discovered:
D:1:      scummos_arrival_gate, layout_basic,
          shapermc_ecumenical_altar_hornbeckon

Action                     || total
---------------------------++-------
  Melee: War axe           ||    17
 Armour: Scale mail        ||    25
  Dodge: Dodged            ||    10
  Block: Buckler           ||     8

Table legend: (Time is in decaauts)
 A = Elapsed time spent in this place.
 B = Non-inter-level travel time spent in this place.
 C = Inter-level travel time spent in this place.
 D = Time resting spent in this place.
 E = Time spent auto-exploring this place.
 F = Levels seen in this place.
 G = Mean time per level.
                   A        B        C        D        E       F      G
               +--------+--------+--------+--------+--------+-----+--------+
         Total |    121 |    121 |      0 |      0 |     76 |   1 |  121.0 |
       Dungeon |    121 |    121 |      0 |      0 |     76 |   1 |  121.0 |
               +--------+--------+--------+--------+--------+-----+--------+

Top non-repeatable levels by time:
     D:1: 121 daAuts
